 Dungeon Sprint DCSS version 0.17.1-3-g152610e (webtiles) character file.

13052 Groucho the Fetichist (level 11, -11/114 HPs)
             Began as a Deep Dwarf Fighter on Apr 26, 2016.
             Was the Champion of Makhleb.
             Killed from afar by a balrug (42 damage)
             ... with a fireball
             ... summoned by the player character
             ... in the Dungeon (Sprint VII: "The Pits").
             The game lasted 00:19:36 (3955 turns).

Groucho the Fetichist (Deep Dwarf Fighter)          Turns: 3955, Time: 00:19:36

Health: -11/114    AC: 18    Str: 24    XL:     11   Next: 70%
Magic:  17/17      EV:  7    Int: 10    God:    Makhleb [******]
Gold:   6          SH: 14    Dex: 12    Spells: 0 memorised, 10 levels left

rFire  . . .     SeeInvis .     x - +2 war axe (chop)
rCold  . . .     Clarity  .     t - +2 plate armour
rNeg   . . .     SustAt   .     c - +0 shield
rPois  .         Gourm    .     (no helmet)
rElec  .         Spirit   .     (no cloak)
rCorr  .         Warding  .     (no gloves)
rMut   .         NoTele   +     (no boots)
MR     +....                    (no amulet)
Stlth  ..........               (no ring)
                                (no ring)

@: lethally poisoned (-11 -> -11), non-regenerating, somewhat resistant to
hostile enchantments, extremely unstealthy
A: damage resistance, recharge devices, clever 1, sense surroundings 2, slow
regeneration 3
a: Device Recharging, Minor Destruction, Lesser Servant of Makhleb, Major
Destruction, Greater Servant of Makhleb, Renounce Religion


You were in the Dungeon.
You worshipped Makhleb.
Makhleb was exalted by your worship.
You were not hungry.

You visited 1 branch You collected 6 gold pieces.

Inventory:

Hand Weapons
 x - a +2 war axe of chopping (weapon)
Missiles
 s - 44 stones (quivered)
Armour
 c - a +0 shield (worn)
 t - a +2 plate armour (worn)
 y - a +0 pair of gloves
Jewellery
 u - a +3 ring of strength
 v - a +3 ring of dexterity
 D - an uncursed ring of protection from fire
 F - an uncursed amulet of clarity
 G - an uncursed ring of ice
Wands
 e - a wand of heal wounds (0)
Scrolls
 a - 2 scrolls of fog
 h - 4 scrolls of enchant armour
 l - a scroll of blinking
 p - 5 scrolls of remove curse
 q - 6 scrolls of amnesia
 r - a scroll of summoning
 z - a scroll of fear
Potions
 b - a potion of brilliance
 d - 4 potions of might
 g - 8 potions of curing
 i - a potion of haste
 j - 4 potions of magic
 k - 7 potions of berserk rage
 o - 2 potions of invisibility
 w - 3 potions of cure mutation
 A - 2 potions of agility
 B - 2 potions of heal wounds
 C - a potion of resistance
Books
 E - Eleiwyil's Collected Works on Augmentations
   (You found it in the Dungeon)

   Spells                             Type                      Level
   a - Repel Missiles                 Charms/Air                   2
   b - Swiftness                      Charms/Air                   2
   c - Regeneration                   Charms/Necromancy            3
   d - Spectral Weapon                Hexes/Charms                 3
Comestibles
 f - 6 bread rations
 m - 38 fruits
 n - 8 meat rations


   Skills:
 * Level 11.9 Fighting
 * Level 13.8 Axes
 * Level 14.0 Armour
 * Level 14.0 Shields
 + Level 11.7 Invocations
 * Level 15.9 Evocations


You had 10 spell levels left.
You didn't know any spells.

Dungeon Overview and Level Annotations

Branches:
Dungeon (1/1)

Altars:
Ashenzari
Cheibriados
Dithmenos
Elyvilon
Fedhas
Gozag
Kikubaaqudgha
Makhleb
Nemelex Xobeh
Okawaru
Qazlal
Ru
Sif Muna
Trog
Vehumet
Xom
Yredelemnul
Zin
The Shining One
Beogh
Jiyva
Lugonu


Innate Abilities, Weirdness & Mutations

You are resistant to damage.
You can recharge devices by infusing magical energy.
You passively map the area around you.
You do not regenerate naturally.
Your mind is acute. (Int +2)


Message History

The orc knight is severely wounded.
You barely miss the orc knight.
The orc knight is lightly wounded.
Your balrug hits the orc knight with a demon whip of draining!
The orc knight dies!
Makhleb accepts your kill.
Your Armour skill increases to level 14!
Your Shields skill increases to level 14!
The orc knight unwields an uncursed great mace.
The orc knight wields an uncursed arbalest.
The orc knight shoots a bolt.
The bolt hits you but does no damage.
Your plate armour prevents you from hitting the orc knight.
The orc knight is lightly wounded.
You hit the orc knight.
The orc knight is severely wounded.
The orc knight hits you but does no damage.
Your balrug gestures at the orc knight.
The fireball explodes!
The fireball engulfs the orc knight.
The fireball engulfs you!
You die...

,**, , , , ,,, , , , ** + , , , *
,, * , , , ,, + ,, , , , ,, ,, ,
, * , * + * * ** *** **
#++##############################
#..............)2o...............
#.....).......((@oov............†
#..##############o'##############
#..#,,,*, * ,,......* * # #..# ,
* *,#....#.#, * ,# #..# * ,
.v)...... # #..# , .#.)..#.#.# ,
# #..# ..........# # #..# ,
,#,#....#.#. , * # #..# *,, , , ,
, ,, , * ,#


You could see 4 orc knights, an insubstantial wisp and a friendly balrug.

Vanquished Creatures
  2 orc warlords (D)
  A death knight (D)
  A hill giant (D)
  2 orc knights (D)
  An elephant (D)
  2 kobold demonologists (D)
  A komodo dragon (D)
  A komodo dragon (shapeshifter) (D)
  A troll (D)
  A snapping turtle (D)
  3 wyverns (D)
  A trapdoor spider (D)
  A fire bat (D)
  A deep elf fighter (D)
  A warg (D)
  An insubstantial wisp (D)
  An ice beast (D)
  An ogre (D)
  A sky beast (D)
  A centaur (D)
  A crocodile (D)
  2 big kobolds (D)
  A brain worm (D)
  A scorpion (D)
  A hound (D)
  An orc priest (D)
  2 orc wizards (D)
  A hell rat (D)
  2 river rats (D)
  An adder (D)
  A giant eyeball (D)
  3 orcs (D)
  A hobgoblin (D)
  A quokka (D)
  A bat (D)
  A giant gecko (D)
  A giant newt (D)
  4 kobolds (D)
51 creatures vanquished.

Vanquished Creatures (collateral kills)
  A vault guard (D)
  A naga warrior (D)
  2 alligator snapping turtles (D)
  A sun demon (D)
  A deep troll (D)
  A lindwurm (D)
  6 orc knights (D)
  A sixfirhy (D)
  2 spiny frogs (D)
  2 efreet (D)
  A demonic crawler (D)
  A wind drake (D)
  A snapping turtle (D)
  2 ynoxinuls (D)
  A trapdoor spider (D)
  A redback (D)
  A vampire (D)
  A wraith (D)
  A chaos spawn (D)
  A fire elemental (D)
  A hungry ghost (D)
  2 insubstantial wisps (D)
  A hippogriff (D)
  An ice beast (D)
  A mottled dragon (D)
  A necrophage (D)
  A crocodile (D)
  Ijyb (D)
  An orc wizard (D)
  A river rat (D)
  2 white imps (D)
  An ooze (D)
  2 orcs (D)
  A bat skeleton (D)
46 creatures vanquished.

Grand Total: 97 creatures vanquished

Notes
Turn   | Place    | Note
--------------------------------------------------------------
     0 | D        | Groucho the Deep Dwarf Fighter began the quest for the Orb.
     0 | D        | Reached XP level 1. HP: 20/20 MP: 1/1
    15 | D        | Reached skill level 1 in Evocations
    47 | D        | Found a sacrificial altar of Ru.
    47 | D        | Found a basalt altar of Yredelemnul.
    47 | D        | Found a shadowy altar of Dithmenos.
    47 | D        | Found a deep blue altar of Sif Muna.
    47 | D        | Found a burning altar of Makhleb.
    47 | D        | Found a shimmering altar of Xom.
    47 | D        | Found an ancient bone altar of Kikubaaqudgha.
    47 | D        | Found a sparkling altar of Nemelex Xobeh.
    48 | D        | Found a glowing golden altar of the Shining One.
    48 | D        | Found a bloodstained altar of Trog.
    48 | D        | Found a shattered altar of Ashenzari.
    48 | D        | Found a white marble altar of Elyvilon.
    48 | D        | Found a snail-covered altar of Cheibriados.
    48 | D        | Found a blossoming altar of Fedhas.
    48 | D        | Found a radiant altar of Vehumet.
    48 | D        | Found a glowing silver altar of Zin.
    48 | D        | Found a corrupted altar of Lugonu.
    48 | D        | Found a viscous altar of Jiyva.
    48 | D        | Found a roughly hewn altar of Beogh.
    48 | D        | Found an iron altar of Okawaru.
    54 | D        | Found a stormy altar of Qazlal.
    54 | D        | Found an opulent altar of Gozag.
    64 | D        | Became a worshipper of Makhleb the Destroyer
    83 | D        | Paralysed by a giant eyeball for 3 turns
   200 | D        | Noticed a brain worm
   209 | D        | Killed a brain worm
   209 | D        | Reached * piety under Makhleb
   209 | D        | Reached skill level 4 in Fighting
   209 | D        | Reached skill level 5 in Shields
   209 | D        | Reached XP level 2. HP: 28/30 MP: 3/5
   209 | D        | Reached XP level 3. HP: 33/36 MP: 3/6
   209 | D        | Reached XP level 4. HP: 40/44 MP: 3/7
   463 | D        | Noticed a sky beast
   464 | D        | Reached ** piety under Makhleb
   472 | D        | Reached skill level 5 in Armour
   494 | D        | Killed a sky beast
   494 | D        | Reached skill level 5 in Axes
   494 | D        | Reached skill level 5 in Evocations
   494 | D        | Reached XP level 5. HP: 39/51 MP: 7/9
   498 | D        | Reached *** piety under Makhleb
   571 | D        | Noticed a hungry ghost
   571 | D        | Noticed Ijyb
   572 | D        | Noticed a deep elf fighter
   572 | D        | Noticed a warg
   596 | D        | Killed a deep elf fighter
   596 | D        | Reached skill level 5 in Fighting
   596 | D        | Reached skill level 6 in Axes
   596 | D        | Reached skill level 7 in Evocations
   596 | D        | Reached XP level 6. HP: 36/62 MP: 9/11
   608 | D        | Killed a hungry ghost
   608 | D        | Reached skill level 5 in Invocations
   618 | D        | Killed Ijyb
   618 | D        | Reached **** piety under Makhleb
   721 | D        | Killed a warg
   721 | D        | Reached skill level 8 in Evocations
  1247 | D        | Reached ***** piety under Makhleb
  1254 | D        | Noticed a scorpion
  1254 | D        | Noticed a centaur
  1261 | D        | Killed a scorpion
  1261 | D        | Reached XP level 7. HP: 47/70 MP: 13/13
  1272 | D        | Killed a centaur
  1680 | D        | Noticed a troll
  1696 | D        | Killed a troll
  1696 | D        | Reached skill level 9 in Evocations
  1701 | D        | Noticed a hill giant
  1721 | D        | Killed a hill giant
  1721 | D        | Reached ****** piety under Makhleb
  1721 | D        | Reached skill level 10 in Evocations
  1721 | D        | Reached XP level 8. HP: 64/81 MP: 15/15
  2013 | D        | Noticed an orc wizard
  2013 | D        | Noticed an orc priest
  2014 | D        | Noticed a trapdoor spider
  2014 | D        | Noticed a snapping turtle
  2024 | D        | Killed a trapdoor spider
  2037 | D        | Killed a snapping turtle
  2046 | D        | Killed an orc priest
  2053 | D        | Killed an orc wizard
  2077 | D        | Noticed a komodo dragon
  2091 | D        | Killed a komodo dragon
  2091 | D        | Reached skill level 10 in Armour
  2091 | D        | Reached skill level 10 in Shields
  2392 | D        | Noticed a crocodile
  2392 | D        | Noticed an alligator snapping turtle
  2403 | D        | Killed a crocodile
  2403 | D        | Reached skill level 11 in Evocations
  2423 | D        | Killed an alligator snapping turtle
  2423 | D        | Reached skill level 10 in Axes
  2423 | D        | Gained mutation: You passively map the area around you. [Deep Dwarf growth]
  2423 | D        | Reached XP level 9. HP: 37/90 MP: 17/17
  2927 | D        | Noticed a wyvern
  2933 | D        | Killed a wyvern
  2967 | D        | Noticed a kobold demonologist
  2967 | D        | Noticed a big kobold
  2967 | D        | Noticed a queen bee
  2967 | D        | Noticed a snapping turtle
  2975 | D        | Noticed an ice devil
  2980 | D        | Noticed an octopode
  2980 | D        | a queen bee changed into an octopode
  2982 | D        | HP: 3/90 [ice devil[a kobold demonologist] (25)]
  2987 | D        | Killed a snapping turtle
  2988 | D        | Killed a big kobold
  2988 | D        | Noticed a komodo dragon
  2988 | D        | an octopode changed into a komodo dragon
  2992 | D        | Killed a kobold demonologist
  2992 | D        | Reached skill level 12 in Evocations
  2999 | D        | Killed a komodo dragon
  3041 | D        | Noticed an elephant
  3052 | D        | Killed an elephant
  3055 | D        | Noticed an ice beast
  3055 | D        | Noticed a big kobold
  3062 | D        | Killed an ice beast
  3063 | D        | Killed a big kobold
  3064 | D        | Noticed a hell rat
  3065 | D        | Noticed a crocodile
  3066 | D        | Killed a hell rat
  3072 | D        | Killed a crocodile
  3085 | D        | Noticed a kobold demonologist
  3088 | D        | Noticed a sun demon
  3095 | D        | Killed a kobold demonologist
  3095 | D        | Reached XP level 10. HP: 75/100 MP: 18/18
  3114 | D        | Noticed a wyvern
  3114 | D        | Noticed a wyvern
  3121 | D        | Killed a wyvern
  3129 | D        | Killed a wyvern
  3129 | D        | Reached skill level 13 in Evocations
  3139 | D        | Noticed a demonic crawler
  3139 | D        | Noticed a wind drake
  3139 | D        | Noticed an orc wizard
  3140 | D        | Noticed an efreet
  3140 | D        | Noticed an orc wizard
  3142 | D        | Noticed a sun demon
  3144 | D        | Killed a wind drake
  3147 | D        | Killed a sun demon
  3147 | D        | Reached skill level 10 in Fighting
  3152 | D        | Killed an efreet
  3156 | D        | Killed a demonic crawler
  3158 | D        | Killed an orc wizard
  3159 | D        | Killed an orc wizard
  3174 | D        | Noticed a mottled dragon
  3178 | D        | Killed a mottled dragon
  3295 | D        | Noticed an alligator snapping turtle
  3295 | D        | Noticed an ice beast
  3295 | D        | Noticed a fire bat
  3295 | D        | Noticed a necrophage
  3295 | D        | Noticed a trapdoor spider
  3296 | D        | Noticed a ynoxinul
  3301 | D        | Killed an ice beast
  3302 | D        | Killed a necrophage
  3310 | D        | Noticed a spiny frog
  3311 | D        | Noticed a wraith
  3322 | D        | Killed a ynoxinul
  3329 | D        | Killed an alligator snapping turtle
  3329 | D        | Reached skill level 10 in Invocations
  3332 | D        | Killed a wraith
  3334 | D        | Killed a fire bat
  3334 | D        | Killed a spiny frog
  3450 | D        | Noticed a redback
  3455 | D        | Killed a redback
  3460 | D        | Killed a trapdoor spider
  3463 | D        | Noticed an ogre
  3468 | D        | Killed an ogre
  3468 | D        | Reached skill level 14 in Evocations
  3685 | D        | Identified Eleiwyil's Collected Works on Augmentations (You found it in the Dungeon)
  3699 | D        | Gained mutation: Your mind is acute. (Int +2) [potion of beneficial mutation]
  3767 | D        | Noticed a hound
  3768 | D        | Noticed a spiny frog
  3773 | D        | Noticed a deep troll
  3774 | D        | Killed a hound
  3778 | D        | Killed a spiny frog
  3782 | D        | Killed a deep troll
  3795 | D        | Noticed a sixfirhy
  3797 | D        | Killed a sixfirhy
  3799 | D        | Noticed a lindwurm
  3802 | D        | Killed a lindwurm
  3811 | D        | Noticed an efreet
  3814 | D        | Killed an efreet
  3814 | D        | Reached XP level 11. HP: 52/110 MP: 17/17
  3815 | D        | Noticed a fire elemental
  3818 | D        | Killed a fire elemental
  3832 | D        | Noticed a chaos spawn
  3833 | D        | Noticed a ynoxinul
  3837 | D        | Killed a ynoxinul
  3839 | D        | Killed a chaos spawn
  3841 | D        | Noticed an Ice Fiend
  3841 | D        | an Executioner changed into an Ice Fiend
  3852 | D        | Noticed a hippogriff
  3856 | D        | Killed a hippogriff
  3888 | D        | Noticed an insubstantial wisp
  3888 | D        | Noticed an insubstantial wisp
  3888 | D        | Noticed an insubstantial wisp
  3889 | D        | Noticed an orc knight
  3889 | D        | Noticed an orc knight
  3889 | D        | Noticed an orc knight
  3890 | D        | Noticed a vault guard
  3890 | D        | Noticed an orc warlord
  3891 | D        | Noticed an orc knight
  3892 | D        | Noticed an orc knight
  3892 | D        | Noticed an orc knight
  3893 | D        | Noticed a vampire
  3893 | D        | Noticed an insubstantial wisp
  3893 | D        | Killed an orc knight
  3893 | D        | Killed an orc knight
  3894 | D        | Noticed an orc knight
  3894 | D        | Noticed an orc warlord
  3894 | D        | Noticed an orc knight
  3894 | D        | Noticed a death knight
  3894 | D        | Noticed a naga warrior
  3895 | D        | Noticed an orc knight
  3901 | D        | Killed a vault guard
  3904 | D        | Killed an insubstantial wisp
  3907 | D        | Killed a vampire
  3909 | D        | Killed an insubstantial wisp
  3912 | D        | Killed an insubstantial wisp
  3915 | D        | Killed a death knight
  3915 | D        | Reached skill level 15 in Evocations
  3917 | D        | Killed an orc warlord
  3917 | D        | Killed an orc knight
  3918 | D        | Noticed an orc knight
  3920 | D        | Noticed an orc knight
  3923 | D        | Killed an orc knight
  3925 | D        | Killed an orc warlord
  3927 | D        | Noticed an orc knight
  3927 | D        | Killed an orc knight
  3946 | D        | Killed an orc knight
  3949 | D        | Killed an orc knight
  3950 | D        | Killed a naga warrior
  3954 | D        | Killed an orc knight
  3955 | D        | Killed from afar by a balrug

Action                   |  1- 3 |  4- 6 |  7- 9 | 10-12 || total
-------------------------+-------+-------+-------+-------++-------
Melee: War axe           |    12 |    40 |   117 |   105 ||   274
       Hand axe          |       |    34 |    38 |       ||    72
Invok: Lesser Servant of |       |     1 |     7 |       ||     8
       Greater Servant o |       |       |       |     7 ||     7
 Abil: Device Recharging |       |       |     1 |     4 ||     5
Evoke: Wand              |       |       |     2 |    21 ||    23
  Use: Potion            |       |     1 |    14 |     2 ||    17
 Stab: Distracted        |       |       |     2 |       ||     2
  Eat: Fruit             |       |     1 |     1 |       ||     2
       Meat ration       |       |     1 |       |       ||     1
       Bread ration      |       |       |     1 |     1 ||     2
